 Dungeon Crawl Stone Soup version 0.29-a0-925-g0a7a3d12f8 (webtiles) character file.

Game seed: 3765784408115243528

37 Plorgh the Poker (level 3, -6/35 HPs)
             Began as a Gnoll Chaos Knight on July 29, 2022.
             Was a Plaything of Xom.
             Mangled by Terence
             ... wielding a +3 trident
              (7 damage)
             ... on level 2 of the Dungeon.
             The game lasted 00:05:26 (1273 turns).

Plorgh the Poker (Gnoll Chaos Knight)               Turns: 1273, Time: 00:05:28

Health: -6/35      AC:  6    Str: 10 (11) XL:     3   Next: 39%
Magic:  4/4        EV: 12    Int: 13      God:    Xom [*.....]
Gold:   67         SH:  0    Dex: 11      Spells: 3/3 levels left

rFire   . . .      SeeInvis .   a - +0 spear (chaos)
rCold   . . .      Faith    .   (no shield)
rNeg    . . .      Spirit   .   b - +2 leather armour
rPois   .          Reflect  .   j - +0 helmet
rElec   .          Harm     .   (no cloak)
rCorr   .          Rampage  .   (no gloves)
Will    .....                   (no boots)
Stlth   +.........              (no amulet)
HPRegen 0.11/turn               (no ring)
MPRegen 0.09/turn               (no ring)

@: no status effects
A: fangs 1, strong nose, distributed training
a: Renounce Religion


You were on level 2 of the Dungeon.
You worshipped Xom.
You were a special plaything of Xom.
You visited 1 branch of the dungeon, and saw 2 of its levels.

You collected 67 gold pieces.

Inventory:

Hand Weapons
 a - a +0 spear of chaos (weapon)
Armour
 b - a +2 leather armour (worn)
 j - a +0 helmet (worn)
Scrolls
 e - a scroll of enchant weapon {unknown}
 g - a scroll of noise
 l - a scroll of silence {unknown}
 m - a scroll of teleportation {unknown}
 n - a scroll of immolation {unknown}
Potions
 d - a potion of might {unknown}
 f - a potion of magic {unknown}
 h - 2 potions of curing {unknown}
 i - 2 potions of brilliance {unknown}
 k - a potion of heal wounds {unknown}
Miscellaneous
 c - a piece from Xom's chessboard (7/15) (quivered)


   Skills:
 + Level 6.5 Fighting
 + Level 0.8 Short Blades
 + Level 0.8 Long Blades
 + Level 0.8 Axes
 + Level 0.8 Maces & Flails
 + Level 6.5 Polearms
 + Level 0.8 Staves
 + Level 0.8 Ranged Weapons
 + Level 0.8 Throwing
 + Level 4.5 Armour
 + Level 2.6 Dodging
 + Level 0.8 Stealth
 + Level 0.8 Shields
 + Level 0.8 Unarmed Combat
 + Level 0.8 Spellcasting
 + Level 0.5 Conjurations
 + Level 0.5 Hexes
 + Level 0.5 Summonings
 + Level 0.5 Necromancy
 + Level 0.5 Translocations
 + Level 0.5 Transmutations
 + Level 0.5 Fire Magic
 + Level 0.5 Ice Magic
 + Level 0.5 Air Magic
 + Level 0.5 Earth Magic
 + Level 0.5 Poison Magic
 + Level 1.0 Invocations
 + Level 0.8 Evocations


You had 3 spell levels left.
You didn't know any spells.
Your spell library was empty.

Dungeon Overview and Level Annotations

Branches:
Dungeon (2/15)

Altars:

Annotations:
D:2 Terence


Innate Abilities, Weirdness & Mutations

You have very sharp teeth.
Your uncanny sense of smell can sniff out nearby items.
Your experience applies equally to all skills.


Message History

The ball python moves out of view.
Unknown command.
Okay, then.
Okay, then.
Okay, then.
As you read the scroll labelled ALUETO FUENG, it crumbles to dust.
You hear a loud clanging noise!
It was a scroll of noise.
Terence shouts!
You hear a shout!
Terence misses you.
You make a move on Xom's chessboard...
Terence is outlined in light.
Terence hits you from afar with a +3 trident!
You make a move on Xom's chessboard...
Terence struggles to resist.
Terence misses you.
You make a move on Xom's chessboard...
Terence falls asleep!
You reach to attack!
The helpless Terence fails to defend himself.
You hit Terence but do no damage.
Terence hits you from afar with a +3 trident!
Unknown command.
You make a move on Xom's chessboard...
Terence seems to speed up.
Terence hits you from afar with a +3 trident! x2
* * * LOW HITPOINT WARNING * * *
Unknown command.
You make a move on Xom's chessboard...
Terence resists with significant effort.
Terence barely misses you.
Unknown command.
You make a move on Xom's chessboard...
Nothing appears to happen.
Terence barely misses you. x2
Unknown command.
You make a move on Xom's chessboard...
Terence is moving more slowly.
A goblin opens the door.
Terence hits you but does no damage.
Unknown command.
You make a move on Xom's chessboard...
The goblin is outlined in light.
Terence hits you from afar with a +3 trident.
* * * LOW HITPOINT WARNING * * *
Terence hits you from afar with a +3 trident!
You die...
Xom laughs nastily!

#########
#.......#
#...@...#
#.......#
#..@....#
#........#
#####g##.#
.# ∆ # .##
####..
#....##


You could see Terence (fast, petrifying, corona) and a goblin (corona).

Vanquished Creatures
  A dart slug (D:1)
  4 ball pythons (D:1)
  5 endoplasms (D:1)
  2 goblins (D:1)
  3 hobgoblins
  2 jackals (D:1)
  3 kobolds (D:1)
  A quokka (D:1)
  3 bats (D:1)
  2 frilled lizards (D:1)
  4 rats (D:1)
30 creatures vanquished.

Vanquished Creatures (others)
  A goblin zombie (D:1)
  11 plants (D:1)
12 creatures vanquished.

Grand Total: 42 creatures vanquished

Notes
Turn   | Place    | Note
-------+----------+-------------------------------------------
     0 | D:1      | Plorgh the Gnoll Chaos Knight began the quest for the Orb.
     0 | D:1      | Reached XP level 1. HP: 23/23 MP: 1/1
   135 | D:1      | Reached XP level 2. HP: 29/29 MP: 2/2
   260 | D:1      | XOM: divination: detect creatures
   293 | D:1      | Reached XP level 3. HP: 35/35 MP: 3/3
   349 | D:1      | XOM: silly message
   473 | D:1      | XOM: god gift: 17 gold pieces
   575 | D:1      | XOM: stat loss: -1 Str (10/11)
   883 | D:1      | XOM: cloud trail
  1183 | D:1      | Reached skill level 1 in Invocations
  1263 | D:2      | Noticed Terence
  1263 | D:2      | XOM: 4-stop teleportation journey
  1273 | D:2      | HP: 1/35 [Terence/+3 trident (3)]
  1273 | D:2      | Mangled by Terence

Illustrated notes

Levels and vault maps discovered:
D:1:      heliophobic_arrival_henge, layout_basic, serial_bayou_lake_a
D:2:      layout_basic, uniq_natasha, uniq_terence

Skill      XL: |  1  2  3 |
---------------+----------+-----
Invocations    | 1 |  1.0
Fighting       | |  6.5
Short Blades   | |  0.8
Long Blades    | |  0.8
Axes           | |  0.8
Maces & Flails | |  0.8
Polearms       | |  6.5
Staves         | |  0.8
Ranged Weapons | |  0.8
Throwing       | |  0.8
Armour         | |  4.5
Dodging        | |  2.6
Stealth        | |  0.8
Shields        | |  0.8
Unarmed Combat | |  0.8
Spellcasting   | |  0.8
Conjurations   | |  0.5
Hexes          | |  0.5
Summonings     | |  0.5
Necromancy     | |  0.5
Translocations | |  0.5
Transmutations | |  0.5
Fire Magic     | |  0.5
Ice Magic      | |  0.5
Air Magic      | |  0.5
Earth Magic    | |  0.5
Poison Magic   | |  0.5
Evocations     | |  0.8

Action                   || total
-------------------------++-------
Melee: Spear             ||    82
       Bite              ||     3
Evoke: Piece from Xom's  ||     8
  Use: Scroll            ||     1
 Stab: Sleeping          ||     1
Armor: Leather armour    ||    17
Dodge: Dodged            ||    35

Table legend: (Time is in decaauts)
 A = Elapsed time spent in this place.
 B = Non-inter-level travel time spent in this place.
 C = Inter-level travel time spent in this place.
 D = Time resting spent in this place.
 E = Time spent auto-exploring this place.
 F = Levels seen in this place.
 G = Mean time per level.
                   A        B        C        D        E       F      G
               +--------+--------+--------+--------+--------+-----+--------+
         Total |   1295 |   1290 |      5 |    100 |    989 |   2 |  647.5 |
       Dungeon |   1295 |   1290 |      5 |    100 |    989 |   2 |  647.5 |
               +--------+--------+--------+--------+--------+-----+--------+

Top non-repeatable levels by time:
     D:1: 1240 daAuts
     D:2: 55 daAuts
